 Dungeon Crawl Stone Soup version 0.26-b1-32-g5d43845318 (webtiles) character file.

Game seed: 5415208230370534960

18204665 inmateoo the Slayer (level 27, 244/244 HPs)
             Began as a Demonspawn Monk on Jan 8, 2021.
             Was the Champion of Cheibriados.
             Escaped with the Orb
             ... and 15 runes on Jan 9, 2021!
             The game lasted 03:01:26 (85109 turns).

inmateoo the Slayer (Demonspawn Monk)              Turns: 85109, Time: 03:01:26

Health: 244/244    AC: 22    Str: 27    XL:     27
Magic:  49/49      EV: 35    Int: 44    God:    Cheibriados [******]
Gold:   8140       SH: 11    Dex: 37    Spells: 5/71 levels left

rFire    + + +     SeeInvis .     - Unarmed
rCold    + + .     Faith    .   m - +3 buckler {rPois}
rNeg     + . .     Spirit   +   Y - +3 faerie dragon scales {rF++ rCorr Str-5 Dex+5}
rPois    +         Reflect  .   v - +1 hat
rElec    .         Harm     .   s - +2 cloak of Dust Devil {Will+ Int+4}
rCorr    +         Rampage  .   z - +3 pair of gauntlets of War {Slay+5}
Will     +++..                  (boots unavailable)
Stlth    ++........             c - amulet "Wucireosh" {*Drain rF++ Regen+ Int-3 Stlth+}
HPRegen  0.90/turn              R - ring of resist corrosion
MPRegen  0.62/turn              b - ring of Amaadwax {+Inv rC+ rN+ EV+4}

@: very slow
A: beak, horns 1, talons 3, clever 1, cold resistance 1, passive freeze, powered
by death 3, strong 1, magic shield, magic regeneration, magic link, freezing
cloud immunity, big brain 3
0: Orb of Zot
}: 15/15 runes: decaying, slimy, silver, golden, iron, obsidian, icy, bone,
abyssal, demonic, glowing, magical, fiery, dark, gossamer
a: Renounce Religion, Evoke Invisibility, Bend Time, Temporal Distortion,
Slouch, Step From Time


You escaped.
You worshipped Cheibriados.
Cheibriados was exalted by your worship.
You visited 17 branches of the dungeon, and saw 89 of its levels.
You visited Pandemonium 2 times, and saw 15 of its levels.
You visited the Abyss 2 times.
You also visited: Gauntlet and Ice Cave.

You collected 16479 gold pieces.
You spent 8339 gold pieces at shops.

Inventory:

Missiles
 e - 8 throwing nets (quivered)
Armour
 m - a +3 buckler of poison resistance (worn)
 s - the +2 cloak of Dust Devil (worn) {Will+ Int+4}
   (You found it in Pandemonium)

   It affects your intelligence (+4).
   It affects your willpower, your defense against some magical effects.
 v - a +1 hat (worn)
 w - a +2 helmet of see invisible
 z - the +3 pair of gauntlets of War (worn) {Slay+5}
   (You found it on level 1 of the Realm of Zot)

   It affects your accuracy and damage with ranged weapons and melee attacks
   (+5).
 B - the +4 dragonskin cloak
   (You took it off Tiamat on level 1 of the Realm of Zot)
 Y - the +3 faerie dragon scales (worn) {rF++ rCorr Str-5 Dex+5}
   (You took it off the Enchantress on level 1 of the Depths)

   It affects your strength (-5).
   It affects your dexterity (+5).
   It greatly protects you from fire.
   It provides partial protection from all sources of acid and corrosion.
Magical Staves
 J - an uncursed staff of earth
Jewellery
 b - the ring of Amaadwax (right hand) {+Inv rC+ rN+ EV+4}
   (You found it in a Gauntlet)

   [ring of evasion]

   It affects your evasion (+4).
   It protects you from cold.
   It protects you from negative energy.
   It lets you turn invisible.
 c - the amulet "Wucireosh" (around neck) {*Drain rF++ Regen+ Int-3 Stlth+}
   (You found it on level 5 of the Vaults)

   [amulet of regeneration]

   It affects your intelligence (-3).
   It greatly protects you from fire.
   It increases your rate of regeneration.
   It causes draining when unequipped.
   It makes you more stealthy.
 r - the ring of Lust {+Fly rElec rF+ Str+2 Dex-3}
   (You found it on level 1 of the Vaults)

   [ring of flight]

   It affects your strength (+2).
   It affects your dexterity (-3).
   It protects you from fire.
   It insulates you from electricity.
   It lets you fly.
 Q - an uncursed ring of poison resistance
 R - a ring of resist corrosion (left hand)
Wands
 j - a wand of polymorph (45)
 l - a wand of enslavement (18)
 p - a wand of flame (139)
 F - a wand of disintegration (34)
 G - a wand of iceblast (95)
 L - a wand of digging (27)
 S - a wand of acid (45)
 T - a wand of paralysis (46)
Scrolls
 d - 54 scrolls of remove curse
 g - 31 scrolls of teleportation
 h - 6 scrolls of magic mapping
 i - 5 scrolls of silence
 k - 10 scrolls of blinking
 x - 43 scrolls of identify
 y - a scroll of summoning
 A - 12 scrolls of amnesia
 H - 2 scrolls of enchant armour
 M - 9 scrolls of fog
 P - 8 scrolls of fear
Potions
 a - 14 potions of resistance
 f - 17 potions of heal wounds
 n - 16 potions of flight
 o - 4 potions of magic
 q - 15 potions of brilliance
 t - 12 potions of ambrosia
 u - 3 potions of invisibility
 C - 30 potions of curing
 D - 4 potions of mutation
 E - 6 potions of cancellation
 W - 5 potions of might
Miscellaneous
 I - a phantom mirror
 K - a figurine of a ziggurat
 O - a tin of tremorstones (2/2)
 V - a condenser vane


   Skills:
 + Level 25.6 Fighting
 - Level 15.0 Armour
 - Level 15.0 Dodging
 - Level 1.7 Stealth
 - Level 4.3 Shields
 + Level 22.7 Unarmed Combat
 + Level 22.9 Spellcasting
 + Level 15.2 Conjurations
 - Level 15.0 Necromancy
 - Level 10.0 Transmutations
 * Level 22.2 Fire Magic
 - Level 24.0 Ice Magic
 - Level 20.0 Earth Magic
 - Level 20.0 Invocations
 - Level 5.0 Evocations


You had 5 spell levels left.
You knew the following spells:

 Your Spells              Type           Power        Failure   Level
a - Statue Form           Tmut/Erth      73%          1%          6
b - Absolute Zero         Ice            66%          1%          9
c - Ignition              Fire           64%          1%          8
d - Borgnjor's Vile Clut  Necr/Erth      58%          0%          5
e - Apportation           Tloc           100%         1%          1
f - Infestation           Necr           55%          2%          8
g - Blink                 Tloc           N/A          1%          2
h - Passwall              Tmut/Erth      91%          0%          2
i - Passage of Golubria   Tloc           N/A          1%          4
k - Shatter               Erth           61%          4%          9
l - Summon Lightning Spi  Summ/Air       50%          1%          4
m - Necromutation         Tmut/Necr      51%          6%          8

Your spell library contained the following spells:

 Spells                   Type           Power        Failure   Level
 Animate Skeleton         Necr           100%         0%          1
 Beastly Appendage        Tmut           100%         0%          1
 Foxfire                  Conj/Fire      100%         0%          1
 Freeze                   Ice            100%         0%          1
 Magic Dart               Conj           100%         0%          1
 Pain                     Necr           100%         0%          1
 Sandblast                Erth           100%         0%          1
 Shock                    Conj/Air       100%         0%          1
 Ensorcelled Hibernation  Hex/Ice        100%         0%          2
 Searing Ray              Conj           100%         0%          2
 Sublimation of Blood     Necr           55%          0%          2
 Wereblood                Tmut           95%          0%          2
 Conjure Flame            Conj/Fire      100%         0%          3
 Frozen Ramparts          Ice            100%         0%          3
 Ignite Poison            Fire/Tmut/Pois 98%          0%          3
 Inner Flame              Hex/Fire       99%          0%          3
 Ozocubu's Armour         Ice            100%         0%          3
 Stone Arrow              Conj/Erth      100%         0%          3
 Vampiric Draining        Necr           55%          0%          3
 Animate Dead             Necr           55%          0%          4
 Dispel Undead            Necr           100%         0%          4
 Hailstorm                Conj/Ice       100%         0%          4
 Ice Form                 Ice/Tmut       100%         0%          4
 Petrify                  Tmut/Erth      100%         0%          4
 Sticky Flame             Conj/Fire      100%         0%          4
 Bolt of Magma            Conj/Fire/Erth 60%          0%          5
 Fireball                 Conj/Fire      60%          0%          5
 Iskenderun's Battlesphe  Conj           100%         0%          5
 Lee's Rapid Deconstruct  Erth           61%          0%          5
 Corona                   Hex            55%          1%          1
 Sting                    Tmut/Pois      100%         1%          1
 Summon Small Mammal      Summ           100%         1%          1
 Call Imp                 Summ           50%          1%          2
 Corpse Rot               Necr/Air       N/A          1%          2
 Poisonous Vapours        Pois/Air       100%         1%          2
 Slow                     Hex            50%          1%          2
 Swiftness                Air            50%          1%          2
 Call Canine Familiar     Summ           50%          1%          3
 Confusing Touch          Hex            50%          1%          3
 Dazzling Flash           Conj/Hex       100%         1%          3
 Gell's Gravitas          Tloc           25%          1%          3
 Lesser Beckoning         Tloc           25%          1%          3
 Mephitic Cloud           Conj/Pois/Air  76%          1%          3
 Portal Projectile        Hex/Tloc       100%         1%          3
 Spider Form              Tmut/Pois      38%          1%          3
 Static Discharge         Conj/Air       87%          1%          3
 Teleport Other           Tloc           50%          1%          3
 Tukima's Dance           Hex            50%          1%          3
 Airstrike                Air            25%          1%          4
 Cause Fear               Hex            25%          1%          4
 Fulminant Prism          Conj/Hex       43%          1%          4
 Iskenderun's Mystic Bla  Conj/Tloc      87%          1%          4
 Leda's Liquefaction      Hex/Erth       47%          1%          4
 Olgreb's Toxic Radiance  Pois           50%          1%          4
 Summon Ice Beast         Ice/Summ       100%         1%          4
 Agony                    Necr           100%         1%          5
 Alistair's Intoxication  Tmut/Pois      50%          1%          5
 Blade Hands              Tmut           47%          1%          5
 Excruciating Wounds      Necr           55%          1%          5
 Irradiate                Conj/Tmut      52%          1%          5
 Lightning Bolt           Conj/Air       43%          1%          5
 Metabolic Englaciation   Hex/Ice        51%          1%          5
 Yara's Violent Unravell  Hex/Tmut       38%          1%          5
 Silence                  Hex/Air        25%          4%          5
 Simulacrum               Ice/Necr       61%          0%          6
 Conjure Ball Lightning   Conj/Air       43%          1%          6
 Death Channel            Necr           55%          1%          6
 Freezing Cloud           Conj/Ice/Air   52%          1%          6
 Hydra Form               Tmut           47%          1%          6
 Iron Shot                Conj/Erth      58%          1%          6
 Starburst                Conj/Fire      60%          1%          6
 Orb of Destruction       Conj           55%          1%          7
 Lehudib's Crystal Spear  Conj/Erth      58%          1%          8
 Dragon Form              Tmut           47%          2%          7
 Borgnjor's Revivificati  Necr           55%          2%          8
 Eringya's Noxious Bog    Tmut/Pois      38%          3%          6
 Haunt                    Necr/Summ      43%          6%          7
 Spellforged Servitor     Conj/Summ      43%          6%          7
 Fire Storm               Conj/Fire      60%          8%          9
 Dispersal                Tloc           25%          26%         6
 Invisibility             Hex            50%          26%         6
 Death's Door             Necr           55%          32%         9
 Chain Lightning          Conj/Air       43%          41%         8
 Malign Gateway           Summ/Tloc      25%          77%         7
 Monstrous Menagerie      Summ           25%          77%         7
 Summon Greater Demon     Summ           25%          77%         7
 Summon Hydra             Summ           25%          77%         7
 Discord                  Hex            25%          100%        8
 Disjunction              Tloc           25%          100%        8
 Summon Horrible Things   Summ           25%          100%        8
 Dragon's Call            Summ           25%          100%        9
 Tornado                  Air            25%          100%        9


Dungeon Overview and Level Annotations

Branches:
Dungeon (15/15)            Temple (0/1) D:5            Lair (6/6) D:10
  Swamp (4/4) Lair:2       Spider (4/4) Lair:3        Slime (5/5) Lair:6
    Orc (2/2) D:11            Elf (3/3) Orc:2        Vaults (5/5) D:14
  Crypt (3/3) Vaults:3       Tomb (3/3) Crypt:3      Depths (5/5) D:15
   Hell (visited)             Dis (7/7) Hell            Geh (7/7) Hell
    Coc (7/7) Hell            Tar (7/7) Hell            Zot (5/5) Depths:5
  IceCv (visited)         Gauntlet (visited)

Altars:
Cheibriados
Gozag
Kikubaaqudgha
Makhleb
Qazlal
Sif Muna
Trog
Uskayaw
Vehumet
Xom
Zin
The Shining One
Beogh
Jiyva
Lugonu

Shops:
D:6 :   D:9 [   D:12 *   D:15 ?   Orc:2 ::*(   Elf:3 (   Vaults:1 **
Vaults:2 !   Vaults:4 ?   Vaults:5 [   Depths:1 *:[!}

Portals:
Hell: Depths:1 Depths:2 Depths:3 Depths:4 Depths:5
Abyss: Depths:3 Depths:4
Pandemonium: Depths:2 Depths:3 Depths:4
Ziggurat: Depths:2
Trove: Vaults:2 (give 18 potions of curing)


Innate Abilities, Weirdness & Mutations

You have claws for feet.
Your flesh is cold resistant. (rC+)
A frigid envelope surrounds you and freezes all who hurt you.
You regenerate a lot of health from kills.
When hurt, damage is shared between your health and your magic reserves.
You regenerate magic rapidly.
When low on magic, you restore magic in place of health.
You are immune to freezing clouds.
You have an absolutely massive brain. (Int +6, Wiz)
You have a beak for a mouth.
You have a pair of small horns on your head.
Your mind is acute. (Int +2)
Your muscles are strong. (Str +2)


Message History

You climb upwards.
There is a stone staircase leading down, spattered with blood here.
Things that are here:
a +0 dagger; a +0 club; a +0 club
There is an open door here.
You see here a +0 short sword.
There is a stone staircase leading up, spattered with blood here.
You climb upwards.
There is a stone staircase leading down, spattered with blood here.
You see here a +0 trident.
You see here a +0 robe.
There is a stone staircase leading up here.
You climb upwards.
There is a stone staircase leading down here.
There is an open door here.
You see here a robe.
You open the door.
There is an open door here.
There is a staircase leading out of the dungeon here.
You have escaped!

## #.# #.......# ##..(. .## ##.##
#.......## ##.....
..####...#######........###......
..'.....[.................'......
..####...#######.###....###......
.## ##..# #....####...# ##.....
## ##.# #.##'##.....# ##.... #
#.# #.#...#.###.# ##... #.#
#.#.@.#.....# ##+# #.#
#.#...#.###.# #.# ########.#
#.##'##.....# #.# .......#.#
#....##.###.#######.# ######.#.#
#.#.###.............. # ####.#.#
#...# #####.#####.... # #......#
###.#######.# ##... ###.##.###
#.........# ##.# ....##.#
########### #.#


There were no monsters in sight!

Vanquished Creatures
  Cerebov (Pan)
  Antaeus (Coc:7)
  the Royal Jelly (Slime:5)
  Asmodeus (Geh:7)
  Gloorx Vloq (Pan)
  Ereshkigal (Tar:7)
  Lom Lobon (Pan)
  A seraph (Pan)
  Mnoleg (Pan)
  Dispater (Dis:7)
  Tiamat (Zot:1)
  4 orbs of fire
  13 ancient liches
  Mennas (Vaults:4)
  A juggernaut (Depths:5)
  33 royal mummies
  The ghost of Houmnergh the Opulent, a master GnTm of Gozag (Crypt:2)
  7 Killer Klowns (Zot:5)
  7 shard shrikes
  Saint Roka (Depths:2)
  Bai Suzhen (Vaults:2)
  3 curse toes
  Geryon (Hell)
  2 caustic shrikes (Depths:4)
  the Enchantress (Depths:1)
  6 pandemonium lords (Pan)
  19 golden dragons
  3 doom hounds
  Jory (Depths:4)
  Arachne (Spider:3)
  4 bone dragons
  27 Tzitzimimeh
  A pearl dragon (Pan)
  2 iron giants (Dis:7)
  2 electric golems (Zot:5)
  The ghost of contendunt the Acrobat, an adept MiFi of Okawaru (Swamp:2)
  27 Brimstone Fiends
  17 liches
  8 Hell Sentinels
  Jorgrun (D:15)
  27 Orb Guardians
  17 tentacled monstrosities
  25 Ice Fiends
  7 quicksilver dragons
  2 deep elf master archers (Elf:3)
  3 deep elf blademasters
  3 titans
  18 acid blobs
  2 tentacled starspawn (Abyss:3)
  13 ancient champions
  27 Executioners
  10 death cobs
  6 sphinxes
  5 tengu reavers
  Gastronok (D:12)
  Donald (Spider:1)
  Kirke (D:15)
  12 storm dragons
  17 shadow dragons
  2 thorn hunters
  3 revenants
  2 draconian monks
  2 fenstrider witches
  18 azure jellies
  5 draconian knights
  10 fire giants
  20 daevas (Pan)
  Aizul (Vaults:2)
  7 deep elf sorcerers
  8 ghost moths
  14 iron dragons
  11 frost giants
  Louise (Swamp:1)
  11 cacodemons
  A caustic shrike zombie (Depths:1)
  A ghost moth (shapeshifter) (Vaults:1)
  15 vault wardens
  5 deep elf elementalists
  38 balrugs
  8 warmongers (Pan)
  7 draconian scorchers
  6 draconian shifters
  3 ghouls
  10 emperor scorpions
  39 very ugly things
  3 spriggan defenders (Depths:1)
  11 ironheart preservers
  14 war gargoyles
  37 angels (Pan)
  25 ophanim (Pan)
  4 draconian stormcallers
  67 reapers
  9 curse skulls
  3 draconian annihilators
  4 elemental wellsprings
  25 stone giants
  4 blood saints (Pan)
  9 corrupters (Pan)
  8 vampire knights
  10 bennus
  5 deep elf demonologists
  5 green draconians
  34 apis (Pan)
  A dire elephant (D:15)
  4 black suns (Pan)
  7 red draconians
  3 black draconians (Zot:4)
  5 entropy weavers
  4 bunyips
  10 white draconians
  7 yellow draconians
  6 deep elf annihilators
  A minotaur (Gauntlet)
  9 lorocyprocas
  The ghost of inmateoo the Basher, a journeyman GrGl of Hepliaklqana (D:14)
  4 spark wasps
  6 deep elf death magi
  2 eidola
  Snorg (D:13)
  6 purple draconians
  4 eleionomae
  25 green deaths
  6 death oozes (Slime:5)
  14 ettins
  22 mummy priests
  Josephine (D:13)
  28 ice dragons
  A merfolk javelineer (Abyss:3)
  32 blizzard demons
  16 fire dragons
  6 jiangshi
  A shambling mangrove (Swamp:4)
  5 quicksilver dragon zombies
  3 deep elf high priests (Elf:3)
  5 rakshasas
  14 yaktaur captains
  3 quicksilver dragon skeletons
  7 boulder beetles
  2 juggernaut simulacra (Pan)
  A kraken zombie (Hell)
  7 monstrous demonspawn
  15 great orbs of eyes
  24 hydras
  34 vault guards
  A hell beast (Pan)
  3 death knights
  3 ghost crabs
  A catoblepas (Lair:6)
  6 spriggan air magi
  Erica (Orc:1)
  3 small abominations (Elf:3)
  6 centaur warriors
  An alligator (shapeshifter) (Depths:3)
  10 deep troll shamans
  30 dancing weapons
  A queen ant (Lair:5)
  36 two-headed ogres
  116 death scarabs
  14 hell hogs
  9 alligators
  12 ogre magi
  9 deep troll earth magi
  10 death yaks
  A thrashing horror (Abyss:3)
  8 tengu warriors
  8 titan zombies
  10 vampire magi
  5 orc high priests (Orc:2)
  23 deep elf knights
  A shock serpent (shapeshifter) (Depths:5)
  5 spriggan berserkers
  25 iron trolls
  31 soul eaters
  44 hell knights
  11 iron golems
  A salamander mystic (Depths:4)
  3 storm dragon zombies
  69 sun demons
  Nergalle (Lair:2)
  9 titan skeletons
  2 wretched stars (Abyss:3)
  142 skeletal warriors
  7 golden dragon zombies
  14 sixfirhies (Pan)
  6 shadow wraiths (Pan)
  A death drake (shapeshifter) (D:13)
  2 unseen horrors (Pan)
  A spatial maelstrom (Abyss:3)
  23 cherubim (Pan)
  11 swamp dragons
  5 goliath frogs
  4 spriggan druids
  4 gelid demonspawn (Pan)
  6 storm dragon skeletons
  A ghost moth zombie (Geh:2)
  6 glowing orange brains
  14 shadow demons
  11 anaconda zombies
  15 deep trolls
  3 death drakes
  13 flayed ghosts
  2 quicksilver dragon simulacra
  4 bog bodies
  An obsidian statue (Zot:5)
  13 wizards
  6 infernal demonspawn (Pan)
  A swamp dragon (shapeshifter) (D:14)
  6 anaconda skeletons
  21 ironbrand convokers
  3 torturous demonspawn (Pan)
  20 deep elf archers
  4 shadow dragon zombies
  3 golden dragon skeletons
  2 harpies (shapeshifter)
  4 harpies (Vaults:3)
  19 necromancers
  4 tengu zombies
  6 wolf spider zombies
  9 frost giant zombies
  19 phantasmal warriors
  11 iron dragon zombies
  2 orc sorcerers
  4 shadow dragon skeletons
  18 orc knights
  12 orb spiders
  2 fauns (shapeshifter)
  A salamander (shapeshifter) (Depths:3)
  8 cyclopes
  31 wolf spiders
  2 mana vipers (shapeshifter)
  10 fire giant zombies
  51 ugly things
  2 manticores (D:15)
  4 salamanders
  7 shining eyes
  8 stone giant zombies
  24 moths of wrath
  A goliath frog skeleton (Crypt:1)
  5 iron dragon skeletons
  5 will-o-the-wisps
  15 oklob plants
  5 human zombies
  A worldbinder (Abyss:3)
  62 deep elf magi
  4 stone giant skeletons
  2 centaur zombies
  2 elephants (Lair:6)
  7 fire giant skeletons
  14 molten gargoyles
  6 frost giant skeletons
  6 dire elephant zombies
  Psyche (D:12)
  A black mamba (shapeshifter) (Depths:1)
  2 eyes of devastation
  Maurice (D:13)
  39 large abominations (Pan)
  A guardian serpent (Abyss:3)
  28 rust devils
  8 ice statues
  13 vault sentinels
  36 smoke demons
  An apocalypse crab (Abyss:3)
  5 spectral swamp worms (Depths:3)
  3 gargoyles
  5 black mambas
  25 orange demons
  A cane toad (shapeshifter) (Vaults:2)
  12 cane toads
  5 dire elephant skeletons
  An emperor scorpion zombie (Tar:2)
  A yaktaur zombie (Hell)
  A minotaur zombie (Geh:5)
  A shock serpent skeleton (Crypt:1)
  27 hellions
  2 kobold demonologists (D:13)
  8 komodo dragons
  72 yaktaurs
  Maggie (D:7)
  3 iron troll zombies (Dis:1)
  An alligator snapping turtle skeleton (Crypt:3)
  25 tormentors
  35 freezing wraiths
  6 tengu conjurers
  27 ice devils
  47 red devils
  An anaconda simulacrum (Crypt:2)
  26 efreet
  15 demonic crawlers
  2 catoblepas skeletons (Geh:3)
  24 hellwings
  2 ancient zymes (Abyss:3)
  A silent spectre (Tar:2)
  5 trolls
  2 minotaur skeletons
  45 guardian mummies
  12 hydra zombies
  A white draconian skeleton (Crypt:2)
  A merfolk (D:15)
  6 tyrant leeches
  A troll (shapeshifter) (Vaults:3)
  A wind drake (shapeshifter) (Depths:3)
  Grinder (D:3)
  A wolf spider simulacrum (IceCv)
  A yaktaur skeleton (Vaults:4)
  3 polar bears
  3 meliai (D:15)
  3 harpy zombies
  Prince Ribbit (D:7)
  4 harpy skeletons
  19 jumping spiders
  17 hornets
  7 alligator zombies
  5 dream sheep (Lair:5)
  A satyr zombie (Crypt:3)
  104 slime creatures
  6 fire dragon zombies
  6 hydra skeletons
  8 ettin zombies
  2 fire giant simulacra
  5 spriggan zombies
  A deep troll zombie (Hell)
  2 ice dragon zombies
  A blink frog (shapeshifter) (Vaults:2)
  21 blink frogs
  38 redbacks
  8 spriggans
  10 fire dragon skeletons
  32 shadows
  132 flying skulls
  12 tarantellas
  3 wyverns
  2 black mamba zombies
  28 ynoxinuls (Pan)
  5 ettin skeletons
  A tarantella (shapeshifter) (Vaults:4)
  14 water elementals
  3 ice dragon skeletons
  A hog (shapeshifter) (Depths:1)
  A yak (shapeshifter) (Depths:2)
  18 ushabtiu
  31 wraiths
  2 fire bats (Depths:1)
  4 hogs (D:15)
  8 neqoxecs (Pan)
  A basilisk (shapeshifter) (Vaults:2)
  59 yaks
  A black mamba skeleton (Crypt:2)
  7 chaos spawn (Pan)
  14 fire elementals
  A steam dragon (D:13)
  5 basilisks
  Menkaure (D:5)
  15 vampire mosquitoes
  12 wargs
  2 yaktaur simulacra
  A gelid demonspawn zombie (Coc:7)
  A spatial vortex (Abyss:3)
  14 swamp worms
  3 acid dragons
  An infernal demonspawn zombie (Crypt:3)
  A soldier ant (shapeshifter) (Vaults:3)
  6 soldier ants (Lair:5)
  2 hydra simulacra (Coc:7)
  13 water moccasins
  4 cane toad zombies
  68 hell hounds
  31 orc warriors
  17 ice beasts
  A merfolk skeleton (Tar:2)
  3 black bears
  9 swamp drakes
  9 phantoms
  2 orc zombies
  2 manticore zombies
  5 cane toad skeletons
  An ettin simulacrum (Crypt:2)
  A fire dragon simulacrum (Depths:1)
  14 starcursed masses (Abyss:3)
  A deep troll skeleton (Crypt:2)
  A black mamba simulacrum (Tar:2)
  2 elf skeletons
  4 sky beasts
  7 snapping turtle zombies
  9 boggarts (Depths:1)
  28 necrophages
  10 eyes of draining
  27 ogres
  25 wolves
  12 centaurs
  3 manticore skeletons
  3 snapping turtle skeletons (Coc:4)
  8 human skeletons
  An orc skeleton (Vaults:2)
  2 swamp dragon skeletons
  Blork the orc (D:5)
  22 bullfrogs
  A fire crab zombie (Crypt:3)
  A big kobold (D:9)
  A gnoll sergeant (D:13)
  A palentonga skeleton (Crypt:2)
  4 earth elementals
  2 draconian skeletons
  2 wyvern skeletons
  A cyclops skeleton (Crypt:2)
  A scorpion (D:10)
  11 killer bees
  A spriggan skeleton (Tar:7)
  A swamp dragon simulacrum (Coc:7)
  80 wights
  A troll skeleton (Tar:2)
  4 howler monkeys
  6 electric eels
  A bullfrog zombie (D:8)
  12 crimson imps
  2 quasits (Depths:3)
  2 draconian simulacra (IceCv)
  4 hounds
  Crazy Yiuf (D:7)
  4 jellies
  4 bullfrog skeletons
  47 orc priests
  40 iron imps
  23 orc wizards
  7 centaur skeletons
  Terence (D:2)
  5 hell rats
  3 iguanas
  3 polar bear simulacra (IceCv)
  A spriggan simulacrum (IceCv)
  20 worker ants
  A killer bee zombie (D:6)
  4 troll simulacra (IceCv)
  2 centaur simulacra (IceCv)
  A tengu skeleton (Tar:4)
  A dwarf skeleton (Crypt:1)
  2 naga skeletons
  3 hound skeletons
  66 mummies
  A worker ant zombie (D:7)
  Robin (D:3)
  7 gnolls
  7 naga simulacra (IceCv)
  15 adders
  4 ogre simulacra (IceCv)
  13 shadow imps
  19 white imps
  6 ufetubi
  6 oozes
  2 adder zombies (D:9)
  A halfling zombie (Crypt:1)
  An adder skeleton (D:6)
  A worm (D:2)
  A barachi skeleton (Crypt:2)
  3 dart slugs
  10 leopard geckos
  109 orcs
  2 ball pythons
  5 bats
  3 giant cockroaches
  11 goblins
  9 hobgoblins
  13 jackals
  20 kobolds
  2 quokkas
  6 frilled lizards
  A goblin skeleton (Crypt:1)
  An orc simulacrum (Crypt:2)
  A quokka skeleton (D:4)
  A quokka zombie (Crypt:1)
  10 rats
  42 blocks of ice
  A briar patch (Swamp:4)
  6 bushes (Zot:2)
  4 crawling corpses (Elf:3)
  2 foxfires (Swamp:1)
  A lurking horror (Abyss:3)
  2 plants (Lair:2)
  A starspawn tentacle (Abyss:3)
  2 tentacles (Hell)
4968 creatures vanquished.

Vanquished Creatures (collateral kills)
  2 bone dragons (Tar:2)
  A reaper (Tar:2)
  A hydra (D:13)
  A fire giant zombie (Tar:2)
  A cyclops (Orc:1)
  A tormentor (Tar:2)
  An ice dragon skeleton (Tar:2)
  A necrophage (Tar:2)
  2 orc wizards (Orc:1)
11 creatures vanquished.

Vanquished Creatures (others)
  A draconian scorcher (Zot:4)
  3 balrugs
  A draconian annihilator (Pan)
  2 reapers
  An elemental wellspring (Coc:7)
  A blood saint (Pan)
  A green death (Pan)
  A deep elf high priest (Vaults:5)
  A hydra (Swamp:2)
  A rakshasa (Pan)
  A two-headed ogre (Vaults:2)
  A hell hog (Geh:1)
  3 sun demons
  A goliath frog (Swamp:2)
  A glowing orange brain (Pan)
  A frost giant zombie (Dis:7)
  An orc sorcerer (Orc:1)
  2 smoke demons
  A hydra zombie (Geh:3)
  4 water elementals (Depths:5)
  A large abomination (Pan)
  A fire elemental (Geh:1)
  A warg (Vaults:5)
  2 hell hounds
  An orc warrior (Vaults:5)
  6 wights
  An orc priest (Vaults:5)
  3 iron imps
  A ball lightning (Pan)
  239 blocks of ice
  A briar patch (Swamp:4)
  A bush (Lair:6)
  24 foxfires
  34 fungi
  75 plants
  3 starspawn tentacles (Abyss:3)
  2 tentacles (Hell)
425 creatures vanquished.

Grand Total: 5404 creatures vanquished

Notes
Turn   | Place    | Note
-------+----------+-------------------------------------------
     0 | D:1      | inmateoo the Demonspawn Monk began the quest for the Orb.
     0 | D:1      | Reached XP level 1. HP: 18/18 MP: 1/1
   362 | D:1      | Gained mutation: You have sharp toenails. [demonic
                  | ancestry]
   362 | D:1      | Reached XP level 2. HP: 24/24 MP: 2/2
   797 | D:1      | Reached XP level 3. HP: 28/29 MP: 3/3
   988 | D:2      | Reached skill level 1 in Armour
  1480 | D:2      | Reached XP level 4. HP: 32/35 MP: 4/4
  1696 | D:2      | Found a hide-covered altar of Uskayaw.
  2485 | D:3      | Reached XP level 5. HP: 37/42 MP: 5/5
  2678 | D:3      | Noticed Grinder
  2682 | D:3      | Noticed Terence
  2745 | D:2      | Killed Terence
  3427 | D:3      | Paralysed by Grinder for 3 turns
  3872 | D:4      | Reached skill level 4 in Fighting
  3991 | D:4      | Found a snail-covered altar of Cheibriados.
  3993 | D:4      | Noticed Robin
  4243 | D:3      | Killed Robin
  4244 | D:3      | Gained mutation: You have razor-sharp toenails. [demonic
                  | ancestry]
  4244 | D:3      | Reached XP level 6. HP: 34/48 MP: 6/6
  4359 | D:4      | Found a burning altar of Makhleb.
  4359 | D:4      | Found a shimmering altar of Xom.
  5034 | D:4      | Became a worshipper of Cheibriados the Contemplative
  5034 | D:4      | Reached * piety under Cheibriados
  5034 | D:4      | Reached ** piety under Cheibriados
  5098 | D:3      | Killed Grinder
  5099 | D:3      | Reached skill level 5 in Unarmed Combat
  5099 | D:3      | Gained mutation: You have an unusually large brain. (Int
                  | +2) [demonic ancestry]
  5099 | D:3      | Reached XP level 7. HP: 30/55 MP: 7/7
  5402 | D:5      | Entered Level 5 of the Dungeon
  5747 | D:5      | Noticed Blork the orc
  5753 | D:5      | Reached skill level 1 in Invocations
  5767 | D:5      | Killed Blork the orc
  6131 | D:5      | Reached XP level 8. HP: 41/61 MP: 9/9
  6134 | D:5      | Reached skill level 5 in Fighting
  6239 | D:5      | Noticed Menkaure
  6251 | D:5      | Killed Menkaure
  6663 | D:5      | Found a staircase to the Ecumenical Temple.
  6721 | D:5      | Found an opulent altar of Gozag.
  6836 | D:5      | Reached *** piety under Cheibriados
  6905 | D:5      | Found a shimmering blue altar of Sif Muna.
  6964 | D:5      | Found a glowing silver altar of Zin.
  7047 | D:6      | Found Netotrui's Book Shoppe.
  7577 | D:6      | Reached skill level 5 in Dodging
  7752 | D:6      | Found an opulent altar of Gozag.
  8082 | D:6      | Reached XP level 9. HP: 60/69 MP: 12/12
  8199 | D:6      | Reached skill level 6 in Fighting
  8199 | D:6      | Reached skill level 5 in Invocations
  8919 | D:7      | Noticed Prince Ribbit
  8945 | D:7      | Killed Prince Ribbit
  9149 | D:7      | Reached **** piety under Cheibriados
  9552 | D:7      | Found an ancient bone altar of Kikubaaqudgha.
 10137 | D:7      | Paralysed by a hornet for 1 turns
 10137 | D:7      | HP: 3/69 [hornet (9)]
 10458 | D:7      | Found a runed translucent door.
 10488 | D:7      | Noticed Crazy Yiuf
 10499 | D:7      | Killed Crazy Yiuf
 10635 | D:7      | Found a burning altar of Makhleb.
 10781 | D:7      | Noticed Maggie
 10788 | D:7      | Killed Maggie
 10789 | D:7      | Reached skill level 7 in Fighting
 11620 | D:8      | Reached XP level 10. HP: 79/79 MP: 15/15
 12068 | D:9      | Found Gerukusa's Antique Armour Boutique.
 12078 | D:9      | Reached ***** piety under Cheibriados
 12164 | D:6      | Bought a book of Geomancy for 385 gold pieces
 12166 | D:6      | Learned a level 1 spell: Sandblast
 12169 | D:6      | Learned a level 2 spell: Passwall
 12173 | D:6      | Learned a level 3 spell: Stone Arrow
 12422 | D:9      | Found a roughly hewn altar of Beogh.
 12794 | D:8      | Reached skill level 1 in Spellcasting
 12879 | D:9      | Reached skill level 1 in Transmutations
 12936 | D:9      | Identified Fofuovo's Grimoire of Lightness and Poison
 12961 | D:9      | Noticed a cyclops
 12973 | D:9      | Reached skill level 1 in Earth Magic
 12976 | D:9      | Killed a cyclops
 13342 | D:9      | Found a stormy altar of Qazlal.
 13833 | D:10     | Entered Level 10 of the Dungeon
 14002 | D:10     | Reached ****** piety under Cheibriados
 14005 | D:10     | Found a staircase to the Lair.
 14551 | D:10     | Reached skill level 10 in Unarmed Combat
 14563 | D:10     | Reached skill level 8 in Fighting
 15942 | D:11     | Found a staircase to the Orcish Mines.
 16273 | D:11     | Noticed a boulder beetle
 16302 | D:11     | a boulder beetle changed into a redback
 16307 | D:11     | Reached XP level 11. HP: 74/86 MP: 17/17
 17286 | D:12     | Noticed a two-headed ogre
 17400 | D:12     | Killed a two-headed ogre
 17748 | D:12     | Noticed a five-headed hydra
 18373 | D:12     | Killed a five-headed hydra
 18398 | D:12     | Noticed Psyche
 18517 | D:12     | Killed Psyche
 18540 | D:12     | Noticed Gastronok
 18550 | D:12     | Killed Gastronok
 18551 | D:12     | Reached skill level 9 in Fighting
 18887 | D:12     | Found Ecorphoec's Assorted Antiques.
 18900 | D:12     | Identified the cursed +1 scale mail of the Minstrel {Regen+
                  | MP-9 SInv} (You found it on level 12 of the Dungeon)
 19053 | D:13     | You fall into a shaft and drop 1 floor!
 19053 | D:14     | Found a gate to the Vaults.
 19053 | D:14     | Noticed a two-headed ogre
 19053 | D:14     | Noticed a green ugly thing
 19053 | D:14     | Noticed a green ugly thing
 19054 | D:14     | Noticed a two-headed ogre
 19054 | D:14     | Noticed a green ugly thing
 19057 | D:14     | Noticed a harpy
 19057 | D:14     | Noticed an ogre mage
 19058 | D:14     | Killed a green ugly thing
 19058 | D:14     | Killed a green ugly thing
 19058 | D:14     | Killed a harpy
 19058 | D:14     | Killed a two-headed ogre
 19058 | D:14     | Killed a two-headed ogre
 19059 | D:14     | Reached skill level 5 in Spellcasting
 19059 | D:14     | Reached skill level 5 in Transmutations
 19059 | D:14     | Reached skill level 5 in Earth Magic
 19059 | D:14     | Gained mutation: You have claws for feet. [demonic
                  | ancestry]
 19059 | D:14     | Reached XP level 12. HP: 84/95 MP: 2/19
 19061 | D:14     | Noticed a centaur warrior
 19075 | D:14     | Killed an ogre mage
 19077 | D:14     | Killed a centaur warrior
 19478 | D:13     | Noticed a two-headed ogre
 19483 | D:13     | Paralysed by a hornet for 3 turns
 19491 | D:13     | Killed a two-headed ogre
 19660 | D:13     | Noticed Maurice
 19666 | D:13     | Killed Maurice
 19688 | D:13     | Noticed a five-headed hydra
 19691 | D:13     | Killed a five-headed hydra
 19706 | D:13     | Reached skill level 10 in Fighting
 20305 | D:13     | Noticed Josephine
 20316 | D:13     | Killed Josephine
 20395 | D:13     | Found a shimmering blue altar of Sif Muna.
 20492 | D:13     | Noticed Snorg
 20646 | D:13     | Killed Snorg
 20647 | D:13     | Gained mutation: When hurt, damage is shared between your
                  | health and your magic reserves. [demonic ancestry]
 20647 | D:13     | Reached XP level 13. HP: 78/103 MP: 22/22
 22532 | Lair:1   | Entered Level 1 of the Lair of Beasts
 22542 | Lair:1   | Found a gate leading to a gauntlet.
 22556 | Gauntlet | Entered a Gauntlet
 22556 | Gauntlet | Found a transporter.
 22556 | Gauntlet | Found a transporter.
 22566 | Gauntlet | Found the cursed +14 obsidian axe {vorpal, +Fly SInv
                  | *Curse}
 22572 | Gauntlet | Found a transporter.
 22577 | Gauntlet | Found a runed translucent door.
 22585 | Gauntlet | Found a transporter.
 22585 | Gauntlet | Found a transporter.
 22585 | Gauntlet | Found a transporter.
 22587 | Gauntlet | Found a transporter.
 22587 | Gauntlet | Found a transporter.
 22598 | Gauntlet | Found a transporter.
 22612 | Gauntlet | Noticed a dire elephant
 22614 | Gauntlet | Found a transporter.
 22621 | Gauntlet | Found a transporter.
 22638 | Gauntlet | Found a transporter.
 22658 | Gauntlet | Found a transporter.
 22660 | Gauntlet | Found a runed translucent door.
 22665 | Gauntlet | Found a runed translucent door.
 22669 | Gauntlet | Found a transporter.
 22847 | Gauntlet | Got a glittering iron ring
 22852 | Gauntlet | Identified the ring of Amaadwax {+Inv rC+ rN+ EV+4} (You
                  | found it in a Gauntlet)
 23175 | Gauntlet | Got a shimmering steel ring
 23194 | Gauntlet | Identified the ring "Bevau" {Fire Slay+3} (You found it in
                  | a Gauntlet)
 23384 | Gauntlet | Noticed a minotaur
 23396 | Gauntlet | Killed a minotaur
 24116 | Lair:1   | Reached skill level 11 in Fighting
 24116 | Lair:1   | Reached skill level 1 in Evocations
 24422 | Lair:2   | Found a frozen archway.
 24431 | IceCv    | Entered an ice cave
 25041 | IceCv    | Found an ancient bone altar of Kikubaaqudgha.
 25404 | IceCv    | Gained mutation: You regenerate a little health from kills.
                  | [demonic ancestry]
 25404 | IceCv    | Reached XP level 14. HP: 113/113 MP: 25/25
 25594 | Lair:2   | Noticed Nergalle
 25600 | Lair:2   | Killed Nergalle
 25722 | Lair:2   | Found a staircase to the Swamp.
 27223 | Lair:3   | Found a radiant altar of Vehumet.
 27689 | Lair:3   | Found a hole to the Spider Nest.
 29307 | Lair:5   | Reached skill level 10 in Invocations
 29552 | Lair:6   | Entered Level 6 of the Lair of Beasts
 29689 | Lair:6   | Found a viscous altar of Jiyva.
 29966 | Lair:6   | Found a staircase to the Slime Pits.
 30266 | Lair:6   | Reached XP level 15. HP: 57/120 MP: 12/27
 31377 | Lair:6   | Reached skill level 5 in Evocations
 31769 | Orc:1    | Entered Level 1 of the Orcish Mines
 31769 | Orc:1    | Found a roughly hewn altar of Beogh.
 31769 | Orc:1    | Noticed Erica
 31781 | Orc:1    | Killed Erica
 31782 | Orc:1    | Reached skill level 12 in Fighting
 32203 | Orc:2    | Entered Level 2 of the Orcish Mines
 32332 | Orc:2    | Found Viph's Weapon Shop.
 32332 | Orc:2    | Found Ipotihoa's General Store.
 32392 | Orc:2    | Reached skill level 15 in Unarmed Combat
 32492 | Orc:2    | Found a bloodstained altar of Trog.
 32693 | Orc:2    | Found Jumod's Book Shop.
 32693 | Orc:2    | Found Nabuschac's Book Emporium.
 32736 | Orc:2    | Found a roughly hewn altar of Beogh.
 32910 | Orc:2    | Found a staircase to the Elven Halls.
 32999 | Orc:2    | Found a roughly hewn altar of Beogh.
 33327 | D:6      | Bought a book of the Earth for 715 gold pieces
 33334 | D:6      | Learned a level 6 spell: Statue Form
 33990 | D:14     | Found a runed translucent door.
 33991 | D:14     | Noticed inmateoo's ghost (journeyman GrGl)
 34192 | D:14     | Killed inmateoo's ghost
 34222 | D:15     | Entered Level 15 of the Dungeon
 34388 | D:15     | Found Upuuts's Magic Scroll Emporium.
 34395 | D:15     | Bought a scroll of teleportation for 48 gold pieces
 34395 | D:15     | Bought a scroll of identify for 32 gold pieces
 34395 | D:15     | Bought a scroll of identify for 32 gold pieces
 34395 | D:15     | Bought a scroll of amnesia for 56 gold pieces
 34507 | D:15     | Found a staircase to the Depths.
 34522 | D:15     | Noticed Kirke
 34533 | D:15     | Killed Kirke
 34536 | D:15     | Noticed Jorgrun
 34540 | D:15     | Killed Jorgrun
 34546 | D:15     | Reached XP level 16. HP: 129/129 MP: 13/29
 34831 | D:15     | Found a bloodstained altar of Trog.
 35012 | D:15     | Learned a level 5 spell: Borgnjor's Vile Clutch
 35175 | Swamp:1  | Entered Level 1 of the Swamp
 35279 | Swamp:1  | Reached skill level 10 in Spellcasting
 35281 | Swamp:1  | Reached skill level 10 in Earth Magic
 35380 | Swamp:1  | Noticed Louise
 35429 | Swamp:1  | Killed Louise
 35853 | Swamp:2  | Found a runed translucent door.
 35855 | Swamp:2  | Noticed contendunt's ghost (adept MiFi)
 36411 | Swamp:2  | Killed contendunt's ghost
 36984 | Swamp:4  | Entered Level 4 of the Swamp
 37162 | Swamp:3  | Gained mutation: You regenerate magic rapidly. [demonic
                  | ancestry]
 37162 | Swamp:3  | Reached XP level 17. HP: 40/135 MP: 6/31
 37587 | Swamp:4  | Reached skill level 13 in Fighting
 37707 | Swamp:4  | Got a decaying rune of Zot
 38037 | Spider:1 | Entered Level 1 of the Spider Nest
 38189 | Spider:1 | You fall into a shaft and drop 1 floor!
 38468 | Spider:1 | Noticed Donald
 38477 | Spider:1 | Killed Donald
 38565 | Spider:1 | Got a heavily runed bone ring
 38566 | Spider:1 | Identified the ring of Discord {*Contam rN+ Will+ Str+2
                  | Dex+3} (You found it on level 1 of the Spider Nest)
 40091 | Spider:3 | Noticed Arachne
 40106 | Spider:3 | Killed Arachne
 40688 | Spider:4 | Entered Level 4 of the Spider Nest
 40780 | Spider:4 | Reached skill level 10 in Transmutations
 41070 | Spider:4 | Gained mutation: When low on magic, you restore magic in
                  | place of health. [demonic ancestry]
 41070 | Spider:4 | Reached XP level 18. HP: 143/143 MP: 29/33
 41569 | Spider:4 | Got a gossamer rune of Zot
 42004 | Vaults:1 | Entered Level 1 of the Vaults
 42326 | Vaults:1 | Found Afraexze's Assorted Antiques.
 42334 | Vaults:1 | Bought a flickering iron ring for 165 gold pieces
 42335 | Vaults:1 | Identified the ring of Nemelex Xobeh's Hope {*Tele rF+}
                  | (You bought it in a shop on level 1 of the Vaults)
 42478 | Vaults:1 | Found Qoczoth's Assorted Antiques.
 42503 | Vaults:1 | Bought a scroll of identify for 80 gold pieces
 43087 | Vaults:1 | Got a crude bronze ring
 43121 | Vaults:1 | Identified the ring of Lust {+Fly rElec rF+ Str+2 Dex-3}
                  | (You found it on level 1 of the Vaults)
 43184 | Vaults:2 | Noticed Aizul
 43205 | Vaults:2 | Killed Aizul
 43377 | Vaults:2 | Noticed Bai Suzhen
 43390 | Vaults:2 | Killed Bai Suzhen
 43391 | Vaults:2 | Gained mutation: You have an extremely huge brain. (Int +4)
                  | [demonic ancestry]
 43391 | Vaults:2 | Reached XP level 19. HP: 133/151 MP: 29/35
 43485 | Vaults:2 | Reached skill level 14 in Fighting
 43487 | Vaults:2 | Found a portal to a secret trove of treasure.
 43712 | Vaults:2 | Found Haquh's Distillery.
 43717 | Vaults:2 | Bought a potion of curing for 48 gold pieces
 43717 | Vaults:2 | Bought a potion of curing for 48 gold pieces
 43717 | Vaults:2 | Bought a potion of brilliance for 64 gold pieces
 43717 | Vaults:2 | Bought a potion of resistance for 160 gold pieces
 43717 | Vaults:2 | Bought a potion of heal wounds for 80 gold pieces
 44493 | Vaults:3 | Found a staircase to the Crypt.
 45141 | Vaults:3 | Reached XP level 20. HP: 160/160 MP: 32/38
 45503 | Vaults:4 | Found Giurif's Magic Scroll Shoppe.
 45514 | Vaults:4 | Bought a scroll of magic mapping for 63 gold pieces
 45514 | Vaults:4 | Bought a scroll of identify for 36 gold pieces
 45514 | Vaults:4 | Bought a scroll of identify for 36 gold pieces
 45514 | Vaults:4 | Bought a scroll of identify for 36 gold pieces
 45514 | Vaults:4 | Bought a scroll of identify for 36 gold pieces
 45514 | Vaults:4 | Bought a scroll of identify for 36 gold pieces
 45514 | Vaults:4 | Bought a scroll of teleportation for 54 gold pieces
 45675 | Vaults:4 | Noticed Mennas
 45682 | Vaults:4 | Killed Mennas
 45900 | Vaults:4 | Reached skill level 15 in Fighting
 46237 | Depths:1 | Entered Level 1 of the Depths
 46336 | Depths:1 | Reached skill level 15 in Earth Magic
 46366 | Depths:1 | Noticed the Enchantress
 46387 | Depths:1 | Killed the Enchantress
 46504 | Depths:1 | Found a gateway to Hell.
 46534 | Depths:1 | Learned a level 1 spell: Apportation
 46544 | Depths:1 | Learned a level 9 spell: Shatter
 46665 | Depths:1 | Found Ryuklas's Gadget Shop.
 46666 | Depths:1 | Found Ipholoul's Distillery.
 46666 | Depths:1 | Found Oshurghe's Armour Boutique.
 46670 | Depths:1 | Found Tebla's Book Boutique.
 46673 | Depths:1 | Reached skill level 1 in Shields
 46688 | Depths:1 | Bought a potion of experience for 900 gold pieces
 46688 | Depths:1 | Bought a potion of magic for 144 gold pieces
 46688 | Depths:1 | Bought 2 potions of resistance for 360 gold pieces
 46688 | Depths:1 | Bought a potion of heal wounds for 90 gold pieces
 46688 | Depths:1 | Gained mutation: You regenerate health from kills. [demonic
                  | ancestry]
 46688 | Depths:1 | Reached XP level 21. HP: 169/169 MP: 39/39
 46692 | Depths:1 | Bought a book of Minor Magic for 340 gold pieces
 46695 | Depths:1 | Learned a level 2 spell: Blink
 46731 | Depths:1 | Found Voliesapou's Assorted Antiques.
 46811 | Depths:1 | Cast into level 3 of the Abyss (a lich)
 46872 | Abyss:3  | Gained mutation: You have an absolutely massive brain. (Int
                  | +6, Wiz) [demonic ancestry]
 46872 | Abyss:3  | Reached XP level 22. HP: 176/176 MP: 35/40
 46940 | Abyss:3  | Got an abyssal rune of Zot
 46943 | Depths:1 | Escaped the Abyss
 47358 | Depths:1 | Learned a level 9 spell: Absolute Zero
 47499 | Depths:2 | Reached skill level 1 in Ice Magic
 47503 | Depths:2 | Reached skill level 5 in Armour
 47616 | Depths:2 | Got a slimy golden ring
 47617 | Depths:2 | Identified the ring "Cikiulio" {EV+4 Int+3} (You found it
                  | on level 2 of the Depths)
 47711 | Depths:2 | Found a gateway to a ziggurat.
 47737 | Depths:2 | Paralysed by a great orb of eyes for 4 turns
 47913 | Depths:2 | Noticed Saint Roka
 47930 | Depths:2 | Killed Saint Roka
 48121 | Depths:2 | Found a one-way gate leading to the halls of Pandemonium.
 48639 | Depths:3 | Reached skill level 15 in Invocations
 48670 | Depths:3 | Reached skill level 16 in Fighting
 48748 | Depths:3 | Reached skill level 5 in Ice Magic
 48859 | Depths:3 | Gained mutation: You regenerate a lot of health from kills.
                  | [demonic ancestry]
 48859 | Depths:3 | Reached XP level 23. HP: 184/184 MP: 36/41
 49204 | Depths:3 | Found a corrupted altar of Lugonu.
 49205 | Depths:3 | Found a one-way gate to the infinite horrors of the Abyss.
 50069 | Depths:4 | Noticed Jory
 50083 | Depths:4 | Killed Jory
 50249 | Depths:4 | Paralysed by a floating eye for 3 turns
 50257 | Depths:4 | Paralysed by a floating eye for 4 turns
 50264 | Depths:4 | Noticed a caustic shrike
 50272 | Depths:4 | Killed a caustic shrike
 50300 | Depths:4 | Noticed a caustic shrike
 50305 | Depths:4 | Killed a caustic shrike
 50670 | Depths:5 | Entered Level 5 of the Depths
 50751 | Depths:5 | Reached skill level 15 in Spellcasting
 50939 | Depths:5 | Noticed a juggernaut
 50950 | Depths:5 | Killed a juggernaut
 51077 | Depths:5 | Gained mutation: Your flesh is cold resistant. (rC+)
                  | [demonic ancestry]
 51077 | Depths:5 | Reached XP level 24. HP: 193/193 MP: 37/42
 51448 | Depths:5 | Found a gate to the Realm of Zot.
 51505 | Depths:5 | Found a glowing golden altar of the Shining One.
 51928 | Elf:1    | Entered Level 1 of the Elven Halls
 52847 | Elf:2    | Found a huge runed translucent gate.
 52847 | Elf:2    | Found a huge runed translucent gate.
 52847 | Elf:2    | Found a huge runed translucent gate.
 52847 | Elf:2    | Found a huge runed translucent gate.
 52847 | Elf:2    | Found a huge runed translucent gate.
 53102 | Elf:2    | Reached skill level 10 in Ice Magic
 53163 | Elf:2    | Reached skill level 17 in Fighting
 53315 | Elf:3    | Entered Level 3 of the Elven Halls
 53403 | Elf:3    | Found Nodiel's Weapon Shoppe.
 53834 | Elf:3    | Gained mutation: You are immune to freezing clouds.
                  | [demonic ancestry]
 53834 | Elf:3    | Reached XP level 25. HP: 201/201 MP: 35/42
 53931 | Elf:3    | Identified the Disquisition on Shape Shifting
 53968 | Elf:3    | Found the +2 robe of Vines {NoPotionHeal Regen+7}
 53970 | Elf:3    | Found the +5 sword of Power {vorpal}
 54011 | Elf:3    | Found the +2 ratskin cloak {*Rats rPois rN+ Str-1 Int-1
                  | Dex+1}
 54014 | Elf:3    | Got a coiled ivory ring
 54038 | Elf:3    | Got a clouded tin ring
 54042 | Elf:3    | Got a brightly glowing bone ring
 54131 | Elf:3    | Identified the cursed +0 buckler of Too Many Cooks {Dex+4
                  | Stlth+} (You found it on level 3 of the Elven Halls)
 54164 | Elf:3    | Identified the ring of Oboumimp {Str+6 Dex+2 Stlth+} (You
                  | found it on level 3 of the Elven Halls)
 54165 | Elf:3    | Identified the ring of Miduf {+Fly SInv} (You found it on
                  | level 3 of the Elven Halls)
 54168 | Elf:3    | Identified the ring of Karrinorph {+Fly Int+3 Dex+3 SInv
                  | Stlth+} (You found it on level 3 of the Elven Halls)
 54633 | Vaults:5 | Entered Level 5 of the Vaults
 54757 | Vaults:5 | Gained mutation: You are frail. (-10% HP) [a neqoxec]
 55045 | Vaults:5 | Got a glittering pewter amulet
 55048 | Vaults:5 | Identified the amulet "Wucireosh" {*Drain rF++ Regen+ Int-3
                  | Stlth+} (You found it on level 5 of the Vaults)
 55373 | Vaults:5 | Identified the Grimoire of Gliding Bewitchment
 55469 | Vaults:5 | Got a silver rune of Zot
 55592 | Vaults:5 | Identified the +0 kite shield of Huumyis {+Inv} (You found
                  | it on level 5 of the Vaults)
 55730 | Vaults:5 | Reached skill level 18 in Fighting
 55916 | Vaults:5 | Found Edghitogg's Armour Shoppe.
 56359 | Zot:1    | Entered Level 1 of the Realm of Zot
 56359 | Zot:1    | Noticed an orb of fire
 56374 | Zot:1    | Gained mutation: Armour fits poorly on your strangely
                  | shaped body. [an orb of fire]
 56381 | Zot:1    | Killed an orb of fire
 56649 | Zot:1    | Reached XP level 26. HP: 189/189 MP: 31/43
 56716 | Zot:1    | Identified the +4 dragonskin cloak
 56716 | Zot:1    | Noticed Tiamat
 56735 | Zot:1    | Killed Tiamat
 56823 | Zot:1    | Found the +3 pair of gauntlets of War {Slay+5}
 56928 | Zot:1    | Identified Buoraeri's Compendium of Dislocation and
                  | Conjuration
 58788 | Zot:3    | Reached skill level 15 in Ice Magic
 59097 | Zot:3    | Reached skill level 19 in Fighting
 59437 | Zot:4    | Found a transporter.
 59438 | Zot:4    | Found a radiant altar of Vehumet.
 59510 | Zot:4    | Gained mutation: A frigid envelope surrounds you and
                  | freezes all who hurt you. [demonic ancestry]
 59510 | Zot:4    | Reached XP level 27. HP: 198/198 MP: 33/44
 59532 | Zot:4    | Noticed an ancient lich
 60228 | Zot:4    | Noticed an orb of fire
 60338 | Zot:4    | Learned a level 4 spell: Passage of Golubria
 60347 | Zot:4    | Learned a level 8 spell: Ignition
 60412 | Zot:5    | Entered Level 5 of the Realm of Zot
 60420 | Zot:5    | Noticed an orb of fire
 60423 | Zot:5    | Killed an orb of fire
 60489 | Zot:5    | Noticed an ancient lich
 60490 | Zot:5    | Noticed an ancient lich
 60494 | Zot:5    | Killed an ancient lich
 60498 | Zot:5    | Killed an ancient lich
 60584 | Zot:5    | Reached skill level 20 in Fighting
 60693 | Zot:5    | Identified a scroll of acquirement
 60693 | Zot:5    | Acquired the +3 Elemental Staff {rElec rF++ rC++ Will++
                  | AC+5}
 60694 | Zot:5    | Found the +3 Elemental Staff {rElec rF++ rC++ Will++ AC+5}
 61073 | Zot:5    | Noticed an ancient lich
 61073 | Zot:5    | Noticed an orb of fire
 61076 | Zot:5    | Killed an orb of fire
 61078 | Zot:5    | Noticed an ancient lich
 61082 | Zot:5    | Killed an ancient lich
 61082 | Zot:5    | Noticed an ancient lich
 61084 | Zot:5    | Killed an ancient lich
 61089 | Zot:5    | Noticed an ancient lich
 61093 | Zot:5    | Noticed an ancient lich
 61103 | Zot:5    | Killed an ancient lich
 61109 | Zot:5    | Killed an ancient lich
 61113 | Zot:5    | Killed an ancient lich
 61224 | Zot:5    | Learned a level 5 spell: Lee's Rapid Deconstruction
 61791 | Crypt:1  | Entered Level 1 of the Crypt
 62675 | Crypt:2  | Found a runed translucent gate.
 62675 | Crypt:2  | Found a runed translucent gate.
 62675 | Crypt:2  | Found a runed translucent gate.
 62678 | Crypt:2  | Noticed Houmnergh's ghost (master GnTm)
 63400 | Crypt:2  | Killed Houmnergh's ghost
 63401 | Crypt:2  | Reached skill level 21 in Fighting
 63441 | Crypt:3  | Entered Level 3 of the Crypt
 63617 | Crypt:3  | Found a staircase to the Tomb.
 64011 | Crypt:3  | Noticed an ancient lich
 64020 | Crypt:3  | Killed an ancient lich
 64025 | Crypt:3  | Noticed an ancient lich
 64037 | Crypt:3  | Killed an ancient lich
 64074 | Crypt:3  | Identified the Papyrus of Conjuration
 64077 | Crypt:3  | Got a scorched bone amulet
 64078 | Crypt:3  | Identified the amulet of Feynk {Regen+ Int+2} (You found it
                  | on level 3 of the Crypt)
 64081 | Crypt:3  | Got a steaming jade ring
 64082 | Crypt:3  | Identified the cursed ring of Detuidutt {rPois Will+ MP-9
                  | AC-4 Dex+9} (You found it on level 3 of the Crypt)
 64813 | Pan      | Entered Pandemonium
 64826 | Pan      | Gained mutation: Your magical capacity is low. (-10% MP) [a
                  | cacodemon]
 64897 | Pan      | Found a transporter.
 64926 | Pan      | Found a transporter.
 65649 | Pan      | Got a scorched lead ring
 65663 | Pan      | Identified the cursed +0 helmet "Put-Me-On" {Harm rElec rF+
                  | Dex+2} (You found it in Pandemonium)
 65666 | Pan      | Identified the ring of Addis {rElec Will+ Str+5} (You found
                  | it in Pandemonium)
 65823 | Pan      | Reached skill level 1 in Fire Magic
 66197 | Pan      | Noticed Jitwoytt the pandemonium lord
 66199 | Pan      | Killed Jitwoytt the pandemonium lord
 66584 | Pan      | Reached skill level 5 in Fire Magic
 66587 | Pan      | Noticed Voressee the pandemonium lord
 66592 | Pan      | Killed Voressee the pandemonium lord
 66665 | Pan      | Got a demonic rune of Zot
 66689 | Pan      | Entered the realm of Cerebov.
 66723 | Pan      | Found an exit through the horrors of the Abyss.
 66997 | Pan      | Identified the ring of Neigaitoiv {rElec rF- rC++ EV+4
                  | Stlth+}
 67004 | Pan      | Identified the +5 quarterstaff of Starshine {drain, rPois
                  | rC+}
 67368 | Pan      | Reached skill level 22 in Fighting
 67448 | Pan      | Identified the +6 battleaxe "Haxel" {venom, Str+4}
 67482 | Pan      | Identified the +6 sword of Cerebov {flame}
 67482 | Pan      | Identified the ring "Vyniy" {Ice +Blink Str+2 Dex+3}
 67482 | Pan      | Noticed Cerebov
 67487 | Pan      | Killed Cerebov
 67490 | Pan      | Identified the +7 falchion of the Equator {vorpal, rPois
                  | Str-4 Int+3 Dex+3}
 67533 | Pan      | Identified the Reference Book on the Feathery Rocks
 67548 | Pan      | Got a fiery rune of Zot
 67832 | Pan      | Reached skill level 10 in Fire Magic
 67980 | Pan      | Identified the +7 plate armour "Wirphosiu" {rN+ Dex+6}
 67985 | Pan      | Found a glowing silver altar of Zin.
 68213 | Pan      | Identified the +4 shortbow of Awkwardness {vorpal, rC+
                  | Will++ SInv}
 68483 | Pan      | Identified the +7 arbalest of Cataclysm {elec, rF+ Str-5
                  | Int+4}
 68483 | Pan      | Identified the +1 plate armour of Feasting {rN+++ Will-
                  | Str-5 Int+5}
 68483 | Pan      | Identified the +6 broad axe of Hocomerhi {flame, rPois rN+}
 68489 | Pan      | Identified the amulet of Ocaf {Faith Str+6 Int-5}
 68489 | Pan      | Identified the cursed +1 gold dragon scales of the Onion
                  | {Harm *Drain *Slow rPois rF+ rC+ Regen+ Str+6}
 68489 | Pan      | Noticed a seraph
 68495 | Pan      | Killed a seraph
 68660 | Pan      | Found a glowing golden altar of the Shining One.
 69077 | Pan      | Found a white marble altar of Elyvilon.
 69384 | Pan      | Identified the +0 tower shield of Untold Secrets {+Inv rF+
                  | Stlth+}
 69544 | Pan      | Identified the Almanac of Lethal Intoxication
 70231 | Pan      | Identified the +2 cloak of Dust Devil {Will+ Int+4} (You
                  | found it in Pandemonium)
 70287 | Pan      | Lost mutation: You are frail. (-10% HP) [a cacodemon]
 70327 | Pan      | Noticed Yphack the pandemonium lord
 70331 | Pan      | Killed Yphack the pandemonium lord
 70332 | Pan      | Reached skill level 23 in Fighting
 70374 | Depths:2 | Escaped Pandemonium
 70601 | Pan      | Entered Pandemonium
 70802 | Pan      | Noticed Bywet the pandemonium lord
 70807 | Pan      | Killed Bywet the pandemonium lord
 70989 | Pan      | Reached skill level 1 in Conjurations
 71181 | Pan      | Reached skill level 1 in Necromancy
 71283 | Pan      | Noticed Timuqomp the pandemonium lord
 71294 | Pan      | Killed Timuqomp the pandemonium lord
 71434 | Pan      | Entered the realm of Gloorx Vloq.
 71601 | Pan      | Noticed Gloorx Vloq
 71606 | Pan      | Killed Gloorx Vloq
 71654 | Pan      | Got a dark rune of Zot
 71771 | Pan      | Reached skill level 15 in Fire Magic
 71805 | Pan      | Entered the realm of Mnoleg.
 72103 | Pan      | Noticed Mnoleg
 72106 | Pan      | Killed Mnoleg
 72107 | Pan      | Reached skill level 5 in Necromancy
 72147 | Pan      | Gained mutation: Scrolls take you a little longer to read.
                  | [a cacodemon]
 72170 | Pan      | Got a glowing rune of Zot
 72355 | Pan      | Noticed Todoaturph the pandemonium lord
 72359 | Pan      | Killed Todoaturph the pandemonium lord
 72373 | Pan      | Reached skill level 5 in Conjurations
 72404 | Pan      | Found an exit through the horrors of the Abyss.
 72447 | Pan      | Entered the realm of Lom Lobon.
 72613 | Pan      | Noticed Lom Lobon
 72616 | Pan      | Killed Lom Lobon
 72635 | Pan      | Got a magical rune of Zot
 72802 | Pan      | Found an exit through the horrors of the Abyss.
 72911 | Pan      | Took an exit into the Abyss.
 72911 | Abyss:1  | Escaped into the Abyss
 72925 | Depths:4 | Escaped the Abyss
 72926 | Depths:4 | Lost mutation: Scrolls take you a little longer to read.
                  | [potion of mutation]
 72926 | Depths:4 | Lost mutation: Armour fits poorly on your strangely shaped
                  | body. [potion of mutation]
 72926 | Depths:4 | Gained mutation: You possess an exceptional clarity of
                  | mind. [potion of mutation]
 72926 | Depths:4 | Gained mutation: You have supernaturally acute eyesight.
                  | (SInv) [potion of mutation]
 73234 | Slime:1  | Entered Level 1 of the Pits of Slime
 73254 | Slime:1  | Gained mutation: You are clumsy. (Dex -2) [a shining eye]
 73268 | Slime:2  | Gained mutation: You do not regenerate when monsters are
                  | visible. [a shining eye]
 73280 | Slime:2  | Lost mutation: You have supernaturally acute eyesight.
                  | (SInv) [a shining eye]
 73281 | Slime:2  | Gained mutation: You are frail. (-10% HP) [a shining eye]
 73314 | Slime:2  | Lost mutation: You possess an exceptional clarity of mind.
                  | [a shining eye]
 73399 | Slime:5  | Entered Level 5 of the Pits of Slime
 73413 | Slime:5  | Gained mutation: You have a beak for a mouth. [a shining
                  | eye]
 73435 | Slime:4  | HP: 12/276 [acid (7)]
 73436 | Slime:4  | HP: 4/276 [acid (8)]
 73735 | Slime:4  | Lost mutation: You are clumsy. (Dex -2) [potion of
                  | mutation]
 73735 | Slime:4  | Lost mutation: Your magical capacity is low. (-10% MP)
                  | [potion of mutation]
 73735 | Slime:4  | Lost mutation: You have a beak for a mouth. [potion of
                  | mutation]
 73735 | Slime:4  | Gained mutation: Scrolls take you a little longer to read.
                  | [potion of mutation]
 73735 | Slime:4  | Gained mutation: You are dopey. (Int -2) [potion of
                  | mutation]
 73735 | Slime:4  | Gained mutation: You are very frail. (-20% HP) [potion of
                  | mutation]
 73735 | Slime:4  | Gained mutation: Your flesh is heat resistant. (rF+)
                  | [potion of mutation]
 73736 | Slime:4  | Lost mutation: Scrolls take you a little longer to read.
                  | [potion of mutation]
 73736 | Slime:4  | Lost mutation: You are dopey. (Int -2) [potion of mutation]
 73736 | Slime:4  | Lost mutation: You are very frail. (-20% HP) [potion of
                  | mutation]
 73736 | Slime:4  | Lost mutation: You are frail. (-10% HP) [potion of
                  | mutation]
 73736 | Slime:4  | Gained mutation: Your magical capacity is low. (-10% MP)
                  | [potion of mutation]
 73736 | Slime:4  | Gained mutation: You are agile. (Dex +2) [potion of
                  | mutation]
 73736 | Slime:4  | Lost mutation: Your magical capacity is low. (-10% MP)
                  | [potion of mutation]
 73736 | Slime:4  | Gained mutation: You are very agile. (Dex +4) [potion of
                  | mutation]
 73791 | Slime:5  | Gained mutation: Your magical capacity is low. (-10% MP) [a
                  | shining eye]
 73793 | Slime:5  | Noticed the Royal Jelly
 73794 | Slime:5  | Killed the Royal Jelly
 73843 | Slime:5  | Got a slimy rune of Zot
 73997 | Lair:6   | Lost mutation: Your magical capacity is low. (-10% MP)
                  | [potion of mutation]
 73997 | Lair:6   | Lost mutation: You are very agile. (Dex +4) [potion of
                  | mutation]
 73997 | Lair:6   | Gained mutation: You have a pair of small antennae on your
                  | head. [potion of mutation]
 73997 | Lair:6   | Lost mutation: You do not regenerate when monsters are
                  | visible. [potion of mutation]
 73997 | Lair:6   | Gained mutation: You passively map a small area around you.
                  | [potion of mutation]
 74280 | Hell     | Entered the Vestibule of Hell
 74280 | Hell     | Noticed Geryon
 74282 | Hell     | Killed Geryon
 74300 | Hell     | Noticed an ancient lich
 74309 | Hell     | Killed an ancient lich
 74367 | Hell     | Found a gateway to the freezing wastes of Cocytus.
 74443 | Hell     | Found a gateway to the Iron City of Dis.
 74505 | Hell     | Found a gateway to the decaying netherworld of Tartarus.
 74644 | Hell     | Found a gateway to the ashen valley of Gehenna.
 75008 | Orc:2    | Bought a Necronomicon for 1435 gold pieces
 75008 | Orc:2    | Bought a book of Burglary for 975 gold pieces
 75008 | Orc:2    | Bought a book of Changes for 325 gold pieces
 75008 | Orc:2    | Bought a book of Changes for 325 gold pieces
 75008 | Orc:2    | Bought a book of the Sky for 845 gold pieces
 75008 | Orc:2    | Bought a book of Necromancy for 390 gold pieces
 75014 | Orc:2    | Learned a level 4 spell: Summon Lightning Spire
 75023 | Orc:2    | Learned a level 8 spell: Necromutation
 75034 | Orc:2    | Learned a level 8 spell: Infestation
 75320 | Coc:1    | Entered Level 1 of Cocytus
 75384 | Coc:1    | You fall into a shaft and drop 1 floor!
 75394 | Coc:2    | Reached skill level 10 in Necromancy
 75432 | Coc:3    | Reached skill level 10 in Dodging
 75509 | Coc:3    | You fall into a shaft and drop 1 floor!
 75520 | Coc:4    | Reached skill level 10 in Armour
 75741 | Coc:7    | Entered Level 7 of Cocytus
 75875 | Coc:7    | Reached skill level 24 in Fighting
 76067 | Coc:7    | Noticed Antaeus
 76073 | Coc:7    | Killed Antaeus
 76094 | Coc:7    | Got an icy rune of Zot
 76157 | Dis:1    | Entered Level 1 of the Iron City of Dis
 76936 | Dis:5    | You fall into a shaft and drop 1 floor!
 76980 | Dis:7    | Entered Level 7 of the Iron City of Dis
 77139 | Dis:7    | Reached skill level 10 in Conjurations
 77442 | Dis:7    | Identified the +4 staff of Dispater
 77442 | Dis:7    | Noticed Dispater
 77449 | Dis:7    | Killed Dispater
 77488 | Dis:7    | Got an iron rune of Zot
 77553 | Geh:1    | Entered Level 1 of Gehenna
 77835 | Geh:2    | Reached skill level 15 in Necromancy
 78161 | Geh:5    | You fall into a shaft and drop 1 floor!
 78258 | Geh:7    | Entered Level 7 of Gehenna
 78842 | Geh:7    | Identified the +7 sceptre of Asmodeus
 78842 | Geh:7    | Noticed Asmodeus
 78851 | Geh:7    | Killed Asmodeus
 78860 | Geh:7    | Got an obsidian rune of Zot
 79066 | Tar:1    | Entered Level 1 of Tartarus
 80132 | Tar:2    | You fall into a shaft and drop 2 floors!
 80523 | Tar:7    | Entered Level 7 of Tartarus
 80630 | Tar:7    | Noticed an ancient lich
 80636 | Tar:7    | Killed an ancient lich
 80706 | Tar:7    | Noticed Ereshkigal
 80710 | Tar:7    | Killed Ereshkigal
 80712 | Tar:7    | Got a bone rune of Zot
 81007 | Zot:4    | Gained mutation: Your spells are a little easier to cast,
                  | but a little less powerful. [an orb of fire]
 81008 | Zot:4    | Killed an ancient lich
 81009 | Zot:4    | Killed an orb of fire
 81090 | Zot:4    | Found a transporter.
 81567 | Tomb:1   | Entered Level 1 of the Tomb of the Ancients
 81944 | Tomb:1   | Noticed a royal mummy
 81944 | Tomb:1   | Noticed a royal mummy
 81945 | Tomb:1   | Noticed a royal mummy
 81945 | Tomb:1   | Noticed a royal mummy
 81949 | Tomb:1   | Killed a royal mummy
 81949 | Tomb:1   | Killed a royal mummy
 81950 | Tomb:1   | Killed a royal mummy
 81950 | Tomb:1   | Killed a royal mummy
 81951 | Tomb:1   | Reached skill level 25 in Fighting
 82298 | Tomb:1   | Noticed a royal mummy
 82301 | Tomb:1   | Noticed a royal mummy
 82302 | Tomb:1   | Killed a royal mummy
 82304 | Tomb:1   | Noticed a royal mummy
 82306 | Tomb:1   | Killed a royal mummy
 82309 | Tomb:1   | Killed a royal mummy
 82310 | Tomb:1   | Noticed a royal mummy
 82314 | Tomb:1   | Killed a royal mummy
 82342 | Tomb:1   | Noticed a royal mummy
 82345 | Tomb:1   | Killed a royal mummy
 82358 | Tomb:1   | Noticed a royal mummy
 82362 | Tomb:1   | Killed a royal mummy
 82478 | Tomb:1   | Noticed a royal mummy
 82480 | Tomb:1   | Killed a royal mummy
 82486 | Tomb:1   | Noticed a royal mummy
 82486 | Tomb:1   | Noticed a royal mummy
 82488 | Tomb:1   | Killed a royal mummy
 82527 | Tomb:1   | Noticed a royal mummy
 82527 | Tomb:1   | Noticed a royal mummy
 82528 | Tomb:1   | Killed a royal mummy
 82529 | Tomb:1   | Noticed a royal mummy
 82530 | Tomb:1   | Noticed a royal mummy
 82531 | Tomb:1   | Noticed a royal mummy
 82535 | Tomb:1   | Noticed a royal mummy
 82537 | Tomb:1   | Killed a royal mummy
 82541 | Tomb:1   | Noticed a royal mummy
 82542 | Tomb:1   | Killed a royal mummy
 82544 | Tomb:1   | Killed a royal mummy
 82544 | Tomb:1   | Killed a royal mummy
 82544 | Tomb:1   | Killed a royal mummy
 82545 | Tomb:1   | Killed a royal mummy
 82551 | Tomb:1   | Noticed a royal mummy
 82557 | Tomb:1   | Killed a royal mummy
 82778 | Tomb:1   | Lost mutation: Your spells are a little easier to cast, but
                  | a little less powerful. [potion of mutation]
 82778 | Tomb:1   | Lost mutation: You have a pair of small antennae on your
                  | head. [potion of mutation]
 82778 | Tomb:1   | Gained mutation: Scrolls take you a little longer to read.
                  | [potion of mutation]
 82778 | Tomb:1   | Gained mutation: Your spells are a little harder to cast,
                  | but a little more powerful. [potion of mutation]
 82778 | Tomb:1   | Gained mutation: Armour fits poorly on your strangely
                  | shaped body. [potion of mutation]
 82778 | Tomb:1   | Gained mutation: You expend magic power (3 MP) to
                  | strengthen your wands. [potion of mutation]
 82779 | Tomb:1   | Lost mutation: You expend magic power (3 MP) to strengthen
                  | your wands. [potion of mutation]
 82779 | Tomb:1   | Lost mutation: Armour fits poorly on your strangely shaped
                  | body. [potion of mutation]
 82779 | Tomb:1   | Gained mutation: You expend magic power (3 MP) to
                  | strengthen your wands. [potion of mutation]
 82779 | Tomb:1   | Lost mutation: Your spells are a little harder to cast, but
                  | a little more powerful. [potion of mutation]
 82779 | Tomb:1   | Gained mutation: You have a pair of small horns on your
                  | head. [potion of mutation]
 82780 | Tomb:1   | Lost mutation: You are agile. (Dex +2) [potion of mutation]
 82780 | Tomb:1   | Lost mutation: You passively map a small area around you.
                  | [potion of mutation]
 82780 | Tomb:1   | Gained mutation: You occasionally shout uncontrollably at
                  | your foes. [potion of mutation]
 82780 | Tomb:1   | Lost mutation: Scrolls take you a little longer to read.
                  | [potion of mutation]
 82780 | Tomb:1   | Gained mutation: You have a pair of horns on your head.
                  | [potion of mutation]
 82780 | Tomb:1   | Gained mutation: You are strong-willed. (Will+) [potion of
                  | mutation]
 82781 | Tomb:1   | Lost mutation: You are strong-willed. (Will+) [potion of
                  | mutation]
 82781 | Tomb:1   | Lost mutation: You expend magic power (3 MP) to strengthen
                  | your wands. [potion of mutation]
 82781 | Tomb:1   | Lost mutation: You occasionally shout uncontrollably at
                  | your foes. [potion of mutation]
 82781 | Tomb:1   | Gained mutation: Armour fits poorly on your strangely
                  | shaped body. [potion of mutation]
 82781 | Tomb:1   | Gained mutation: You can translocate small distances at
                  | will. [potion of mutation]
 82781 | Tomb:1   | Gained mutation: You are covered in fur. (AC +1) [potion of
                  | mutation]
 82782 | Tomb:1   | Lost mutation: Your flesh is heat resistant. (rF+) [potion
                  | of mutation]
 82782 | Tomb:1   | Lost mutation: Armour fits poorly on your strangely shaped
                  | body. [potion of mutation]
 82782 | Tomb:1   | Lost mutation: You have a pair of horns on your head.
                  | [potion of mutation]
 82782 | Tomb:1   | Gained mutation: You have a pair of horns on your head.
                  | [potion of mutation]
 82782 | Tomb:1   | Gained mutation: Your body sometimes deteriorates upon
                  | taking damage. [potion of mutation]
 82782 | Tomb:1   | Gained mutation: You possess an exceptional clarity of
                  | mind. [potion of mutation]
 82783 | Tomb:1   | Lost mutation: You are covered in fur. (AC +1) [potion of
                  | mutation]
 82783 | Tomb:1   | Lost mutation: You can translocate small distances at will.
                  | [potion of mutation]
 82783 | Tomb:1   | Lost mutation: You have a pair of horns on your head.
                  | [potion of mutation]
 82783 | Tomb:1   | Lost mutation: Your body sometimes deteriorates upon taking
                  | damage. [potion of mutation]
 82783 | Tomb:1   | Lost mutation: You possess an exceptional clarity of mind.
                  | [potion of mutation]
 82783 | Tomb:1   | Gained mutation: You have a beak for a mouth. [potion of
                  | mutation]
 82783 | Tomb:1   | Gained mutation: Your muscles are strong. (Str +2) [potion
                  | of mutation]
 82783 | Tomb:1   | Gained mutation: Your mind is acute. (Int +2) [potion of
                  | mutation]
 82911 | Tomb:1   | Killed a royal mummy
 83127 | Tomb:2   | Noticed a royal mummy
 83127 | Tomb:2   | Noticed a royal mummy
 83128 | Tomb:2   | Noticed a royal mummy
 83134 | Tomb:2   | Killed a royal mummy
 83139 | Tomb:2   | Killed a royal mummy
 83140 | Tomb:2   | Killed a royal mummy
 83151 | Tomb:2   | Noticed a royal mummy
 83159 | Tomb:2   | Killed a royal mummy
 83390 | Tomb:3   | Entered Level 3 of the Tomb of the Ancients
 83396 | Tomb:3   | Reached skill level 15 in Armour
 83396 | Tomb:3   | Noticed a royal mummy
 83398 | Tomb:3   | Reached skill level 15 in Dodging
 83398 | Tomb:3   | Killed a royal mummy
 83401 | Tomb:3   | Noticed a royal mummy
 83401 | Tomb:3   | Noticed a royal mummy
 83401 | Tomb:3   | Noticed a royal mummy
 83401 | Tomb:3   | Noticed an ancient lich
 83403 | Tomb:3   | Killed a royal mummy
 83403 | Tomb:3   | Killed a royal mummy
 83404 | Tomb:3   | Killed a royal mummy
 83407 | Tomb:3   | Noticed a royal mummy
 83408 | Tomb:3   | Noticed a royal mummy
 83408 | Tomb:3   | Noticed a royal mummy
 83411 | Tomb:3   | Killed a royal mummy
 83414 | Tomb:3   | Killed a royal mummy
 83418 | Tomb:3   | Killed a royal mummy
 83419 | Tomb:3   | Reached skill level 15 in Conjurations
 83422 | Tomb:3   | Killed an ancient lich
 83423 | Tomb:3   | Noticed a royal mummy
 83429 | Tomb:3   | Killed a royal mummy
 83438 | Tomb:3   | Acquired the +8 orange crystal plate armour {Archmagi,
                  | Int+3 Clar}
 83439 | Tomb:3   | Found the +8 orange crystal plate armour {Archmagi, Int+3
                  | Clar}
 83471 | Tomb:3   | Found the +5 demon whip "Spellbinder" {antimagic, Will+}
 83475 | Tomb:3   | Found the +8 demon blade "Leech" {vamp, *Rage +Rage rN+}
 83490 | Tomb:3   | Got a crude turquoise ring
 83491 | Tomb:3   | Identified the ring "Inynlafe" {*Tele Dex+4} (You found it
                  | on level 3 of the Tomb of the Ancients)
 83493 | Tomb:3   | Identified the Tome of Moulding and the Entourage
 83621 | Tomb:3   | Identified the Grimoire of the Evil Blaze
 83850 | Tomb:3   | Got a golden rune of Zot
 84565 | Zot:5    | Got the Orb of Zot
 85109 | D:$      | Escaped with the Orb!

Illustrated notes

Levels and vault maps discovered:
D:1:      dpeg_arrival_tiny_f, layout_loops_corners
D:2:      layout_basic, nicolae_overflow_hidden_temple,
          kennysheep_cluttered_room, chequers_serial_rivers_marsh
D:3:      layout_basic, kennysheep_generic_room_16, uniq_terence, uniq_grinder
D:4:      layout_cave_pools, grunt_temple_overflow_champion_of_chaos,
          kennysheep_slug_shrine, uniq_robin
D:5:      layout_loops_ring, kennysheep_mini_moat,
          lemuel_coloured_pillars_altar, grunt_gozag_statues,
          minmay_temple_entry_fiery, uniq_blork_the_orc, uniq_menkaure
D:6:      minmay_bubble_buster, layout_basic, serial_shops,
          nicolae_shop_waterfront, basic_altar
D:7:      layout_basic, basic_altar, makhleb_blood_cavern_becter, uniq_maggie,
          uniq_crazy_yiuf_cottage, uniq_prince_ribbit1
D:8:      layout_cave_pools
D:9:      layout_cave_pools, grunt_qazlal_clouds, special_room
          [special_room_orc], serial_shops, shop
D:10:     layout_basic, erik_lair_orcish_takeover
D:11:     layout_gridville, orc_0_dummy, minmay_puff
D:12:     layout_cave_pools, serial_shops, nicolae_shop_overgrown_old_shop,
          uniq_psyche, uniq_gastronok
D:13:     layout_long_grid, basic_altar, uniq_maurice, uniq_josephine,
          uniq_snorg
D:14:     layout_cave_pools, david_vaults_2, minivault_19,
          ebering_ghost_inner_flame
D:15:     hangedman_depths_entry_try_elsewhere_first, layout_loops_ring,
          serial_shops, nicolae_shop_crystal, corexii_corridor_pit,
          minmay_ruined_shrine, uniq_kirke, uniq_jorgrun
Lair:1:   layout_gridlike, gauntlet_entry_generic, minmay_holes,
          serial_bayou_shore_b, serial_bayou_shore_a
Lair:2:   minmay_lair_oklob_tunnel, layout_chaotic_city,
          minmay_swamp_entry_wisps, portal_ice_cave_entry_pillars_1,
          forest_entry_grove, uniq_nergalle
Lair:3:   layout_roguey, spider_nest_entry_funnel_web, basic_altar,
          grunt_forest_large_clearing_hut
Lair:4:   layout_loops_ring, infiniplex_staircase_pool_2, lemuel_fruit_fields
Lair:5:   layout_hall_layers, minmay_another_anthill
Lair:6:   grunt_lair_end_beastmaster, layout_hall_layers, slime_altar_1,
          grunt_megastairs_3
Swamp:1:  layout_falls_marsh, nicolae_swamp_feature_on_the_river_bank,
          grunt_witch_cave, uniq_louise
Swamp:2:  layout_basic_swamp, ebering_ghost_inner_flame, serial_swamp_ruin,
          evilmike_swamp_ruin_house_2, evilmike_swamp_ruin_rubble_2,
          evilmike_swamp_ruin_rubble_1
Swamp:3:  layout_basic_swamp, evilmike_swamp_ruin_house_5, swamp_pool2,
          infiniplex_staircase_pool
Swamp:4:  swamp, layout_basic_swamp
Spider:1: layout_spider_delve, nicolae_spider_webbed_stairs, uniq_donald
Spider:2: layout_spider_delve
Spider:3: layout_chambers, uniq_arachne
Spider:4: guppyfry_spider_rune
Slime:1:  layout_caves
Slime:2:  layout_caves, cheibrodos_slime_lost_civilization_7
Slime:3:  layout_caves
Slime:4:  layout_caves
Slime:5
Orc:1:    layout_caves, basic_altar, uniq_erica
Orc:2:    st_orc_town, layout_caves, basic_altar, bloody_trog
Elf:1:    eino_elf_arrival_sip, layout_geoelf_grid,
          hangedman_elven_crosses_minicolossus
Elf:2:    layout_geoelf_grid
Elf:3:    elf_hall, layout_geoelf_grid, serial_shops, shop
Vaults:1: nicolae_vaults_little_squares_3, v_misc_9,
          vaults_room_grunt_arrival_checkpoint, v_misc_14, vaults_room_fours,
          dpeg_vaults_waves, v_misc_17, nicolae_vaults_little_squares_3,
          layout_vaults_omnigrid, serial_shops, shop, shop
Vaults:2: nicolae_vaults_stairing_the_circle, nicolae_vaults_theta, v_misc_2,
          nicolae_vaults_network_periphery, hangedman_vaults_cutoff, v_rooms_3,
          vaults_standard_mumra_enter_the_diamond, layout_vaults_big_room,
          serial_shops, shop_fountains, nicolae_trove_entry_crossroad,
          uniq_aizul, uniq_bai_suzhen
Vaults:3: vaults_mumra_chevron_long, nicolae_vaults_asterisk,
          nicolae_vaults_big_ls, vaults_mumra_minichess_inversion,
          vaults_room_door_hall, blue_anna_dwarven_crypt, v_misc_10, v_misc_5,
          vaults_standard_mumra_lines, grunt_vaults_hallway_long,
          ontoclasm_vaults_shuriken, layout_vaults_omnicross
Vaults:4: vaults_standard_mumra_x, vaults_room_guarded_vault, v_misc_28,
          v_misc_1, hangedman_vaults_variations, nicolae_vaults_rhombus_5,
          vaults_dpeg_encased_lava, vaults_room_door_hall,
          layout_vaults_maze_bifur, serial_shops, shop, uniq_mennas
Vaults:5
Crypt:1:  layout_misc_corridors, grunt_crypt_arrival_guarded_gate
Crypt:2:  layout_regular_city, ebering_ghost_rock_garden,
          serial_co_window_serial, co_window_of_opportunity_a,
          co_window_paths_a, co_window_corner_a, co_window_corner_a,
          co_window_corner_a, co_window_corner_a, co_window_corner_b,
          co_window_paths_c, co_window_corner_ca
Crypt:3:  david_glass_crypt, layout_chaotic_city, tomb_entry_simple_bobbens
Tomb:1
Tomb:2
Tomb:3
Depths:1: layout_gridlike, serial_shops, shop, hangedman_abyss_or_decor_slice,
          hellmouth_1, kennysheep_generic_room_9, minmay_shoptagon,
          grunt_megastairs_5, uniq_enchantress
Depths:2: cheibrodos_poisonous_passages, layout_small_grid, enter_ziggurat_a,
          grunt_hell_horde, rand_demon_pan_entry_9,
          infiniplex_staircase_zigzag_4, uniq_saint_roka
Depths:3: minmay_quantized_circle, layout_cave_shapes, minmay_misc_feat_pillars,
          abyss_entry_flame_altar, grunt_pan_entry_zigzag,
          pf_hell_entry_tar_river
Depths:4: kennysheep_bubble_arena, layout_gridville, grunt_pan_entry_sceptre,
          grunt_hell_entry_dis_mu, abyss_entry, grunt_decor_fettered,
          minmay_misc_feat_nine_boxes, uniq_jory
Depths:5: grunt_zot_entry_bicorn, layout_gridlike, hell_entry, tso_altar,
          lemuel_freeze_loot_1
Hell
Dis:1:    hangedman_dis_monolith, layout_regular_city
Dis:2:    layout_chaotic_city, hangedman_player_shredder
Dis:3:    layout_overlapping_boxes, lemuel_elevator
Dis:4:    layout_gridville
Dis:5:    layout_subdivisions, grunt_dis_stairs_iron_hall
Dis:6:    layout_subdivisions
Dis:7:    dis_grunt_layers
Geh:1:    layout_gehenna_lava_caves
Geh:2:    layout_gehenna_lava_caves
Geh:3:    layout_gehenna_pools_box, grunt_megastairs_1
Geh:4:    layout_gehenna_pools_basic
Geh:5:    layout_gehenna_lava_caves
Geh:6:    layout_gehenna_pools_basic
Geh:7:    geh_hangedman
Coc:1:    layout_cocytus_water_paths
Coc:2:    layout_ice_bergs
Coc:3:    layout_cocytus_water_paths, lemuel_elevator
Coc:4:    layout_cocytus_water_paths
Coc:5:    layout_ice_bergs
Coc:6:    layout_ice_bergs
Coc:7:    coc_dpeg
Tar:1:    layout_cathedral_of_symmetry, nicolae_tar_cuneiform_bread
Tar:2:    layout_grid_maze
Tar:3:    layout_catacombs
Tar:4:    layout_grid_maze
Tar:5:    layout_honeycomb, evilmike_ambush [evilmike_ambush_outer_basic,
          evilmike_ambush_inner_wall_1]
Tar:6:    layout_honeycomb
Tar:7:    tar_old
Zot:1:    layout_basic, st_grand_hoard_of_tiamat
Zot:2:    grunt_zot_stairs_overgrown, layout_gridlike, nicolae_zot_crop_circle,
          lemuel_elevator
Zot:3:    layout_misc_corridors, st_small_dragon_hoard_5,
          st_small_dragon_hoard_4, grunt_ministairs_7, st_single_dragon_hoard_2
Zot:4:    gammafunk_sealed_library, layout_concentric_octagons
Zot:5:    layout_gridlike, st_stairs_4

Skill      XL: |  1  2  3  4  5  6  7  8  9 10 11 12 13 14 15 16 17 18 19 20 21 22 23 24 25 26 27 |
---------------+----------------------------------------------------------------------------------+-----
Unarmed Combat | 3 4 5 7 9 10 11 12 13 14 15 16 17 18 19 20 21 22 | 22.7
Armour         | 1 2 3 4 6 7 8 15 | 15.0
Dodging        | 3 4 5 6 8 15 | 15.0
Fighting       | 4 5 7 8 9 10 11 12 13 14 15 16 17 18 19 25 | 25.6
Invocations    | 2 4 7 8 10 11 12 13 14 15 16 17 18 20 | 20.0
Spellcasting   | 2 5 6 7 8 9 10 11 12 14 15 16 17 22 | 22.9
Transmutations | 2 5 7 8 10 | 10.0
Earth Magic    | 2 5 6 7 8 9 10 11 12 14 15 20 | 20.0
Evocations     | 2 4 5 |  5.0
Shields        | 4 |  4.3
Ice Magic      | 5 8 11 13 15 24 | 24.0
Fire Magic     | 22 | 22.2
Conjurations   | 15 | 15.2
Necromancy     | 15 | 15.0
Stealth        | |  1.7

Action                   |  1- 3 |  4- 6 |  7- 9 | 10-12 | 13-15 | 16-18 | 19-21 | 22-24 | 25-27 || total
-------------------------+-------+-------+-------+-------+-------+-------+-------+-------+-------++-------
Melee: Unarmed           |   110 |   270 |   407 |   559 |  1303 |   753 |   659 |  1107 |  4833 || 10001
       Kick              |    23 |    66 |    67 |   296 |   774 |   359 |   323 |   508 |  2410 ||  4826
       Punch             |     1 |     4 |    22 |    50 |   152 |    79 |    93 |       |       ||   401
       Peck              |       |       |       |       |       |       |       |       |    15 ||    15
       Headbutt          |       |       |       |       |       |       |       |       |    12 ||    12
 Fire: Hunting sling     |       |     4 |       |       |       |       |       |       |       ||     4
Throw: Dart              |       |     3 |    11 |       |       |       |       |       |       ||    14
       Throwing net      |       |       |       |       |     1 |       |       |       |     1 ||     2
 Cast: Statue Form       |       |       |       |       |     8 |    83 |    36 |    79 |   266 ||   472
       Borgnjor's Vile C |       |       |       |       |       |    12 |     4 |     9 |    25 ||    50
       Stone Arrow       |       |       |       |       |       |     9 |     4 |       |     3 ||    16
       Apportation       |       |       |       |       |       |       |       |     1 |     1 ||     2
       Absolute Zero     |       |       |       |       |       |       |       |       |   306 ||   306
       Ignition          |       |       |       |       |       |       |       |       |   104 ||   104
       Necromutation     |       |       |       |       |       |       |       |       |    12 ||    12
       Passage of Golubr |       |       |       |       |       |       |       |       |    10 ||    10
       Lee's Rapid Decon |       |       |       |       |       |       |       |       |     9 ||     9
       Shatter           |       |       |       |       |       |       |       |       |     8 ||     8
       Infestation       |       |       |       |       |       |       |       |       |     2 ||     2
Invok: Slouch            |       |       |       |     8 |    11 |     9 |     4 |     1 |     6 ||    39
       Temporal Distorti |       |       |       |       |     4 |       |       |       |       ||     4
Evoke: Wand              |       |     1 |       |    11 |     5 |     4 |       |       |     4 ||    25
       Phantom mirror    |       |       |       |     2 |     4 |       |       |       |       ||     6
       Tin of tremorston |       |       |       |       |     4 |       |       |       |       ||     4
       Condenser vane    |       |       |       |       |       |       |       |       |     1 ||     1
  Use: Scroll            |       |    11 |    14 |    16 |    12 |     6 |     1 |     2 |    41 ||   103
       Potion            |       |     1 |     2 |     4 |     2 |       |     1 |       |    22 ||    32
 Stab: Sleeping          |     5 |     5 |     6 |       |       |     5 |     6 |    14 |    31 ||    72
       Paralysed         |       |       |       |     3 |       |       |       |       |       ||     3
       Distracted        |       |       |       |     1 |     1 |       |     2 |     2 |    24 ||    30
       Held in net/web   |       |       |       |       |     1 |       |       |       |       ||     1
       Betrayed ally     |       |       |       |       |     1 |       |       |       |       ||     1
Armor: Robe              |    11 |    13 |       |       |       |       |       |       |       ||    24
       Ring mail         |       |    40 |   101 |       |       |       |       |       |       ||   141
       Steam dragon scal |       |       |    11 |       |     7 |    28 |    13 |       |       ||    59
       Plate armour      |       |       |     3 |   302 |   410 |       |       |       |       ||   715
       Skin              |       |       |     2 |    34 |    60 |   735 |   341 |   610 |  2284 ||  4066
       Acid dragon scale |       |       |       |       |       |       |     2 |    38 |   217 ||   257
Dodge: Dodged            |    58 |   149 |   306 |   365 |  1057 |  1404 |   821 |  1582 |  7593 || 13335
Block: Buckler           |       |       |       |       |       |       |    42 |   654 |  3485 ||  4181
       Reflection        |       |       |       |       |       |       |     6 |    50 |    45 ||   101
